 Dungeon Crawl Stone Soup version 0.31-a0-1091-g283494c966 (webtiles) character file.

Game seed: 1769752465610653974

333 Chimkentus the Stinger (level 6, -6/36 HPs)
             Began as an Octopode Venom Mage on Nov 28, 2023.
             Killed by miscasting Mephitic Cloud (10 damage)
             ... on level 3 of the Dungeon.
             The game lasted 00:25:37 (3527 turns).

Chimkentus the Stinger (Octopode Venom Mage)        Turns: 3527, Time: 00:25:38

Health: -6/36      AC:  1    Str:  9    XL:     6   Next: 53%
Magic:  6/9        EV: 13    Int: 17    God:
Gold:   137        SH:  0    Dex: 13    Spells: 1/9 levels left

rFire   + . .        n - +1 mace (protect)
rCold   . . .        (no shield)
rNeg    . . .        (helmet restricted)
rPois   +            (no amulet)
rElec   .            g - ring of poison resistance
rCorr   .            i - ring of protection from fire
SInv    .            (no ring)
Will    .....        (no ring)
Stlth   +++          (no ring)
HPRegen 0.26/turn    (no ring)
MPRegen 0.11/turn    (no ring)
                     (no ring)

%: no passive effects
@: very slightly contaminated
A: almost no armour, amphibious, 8 rings, camouflage 1, gelatinous body 1,
(nimble swimmer 1), tentacles
a: no special abilities


You were on level 3 of the Dungeon.
You visited 1 branch of the dungeon, and saw 3 of its levels.

You collected 137 gold pieces.

Inventory:

Hand Weapons
 c - a +0 dagger
 f - a +2 club
 n - a +1 mace of protection (weapon)
Missiles
 p - 2 boomerangs
Jewellery
 g - a ring of poison resistance (left tentacle)
 i - a ring of protection from fire (right tentacle)
 o - an amulet of the acrobat
Talismans
 d - a maw talisman
Wands
 b - a wand of charming (1)
Scrolls
 e - a scroll of fear {unknown}
 h - a scroll of identify {unknown}
 j - a scroll of brand weapon {unknown}
 k - a scroll of noise {unknown}
 l - a scroll of amnesia {unknown}
 m - 2 scrolls of teleportation
 r - a scroll of poison {unknown}
 t - a scroll of fog {unknown}
 x - a scroll of revelation {unknown}
Potions
 q - a potion of lignification {unknown}
 s - a potion of mutation {unknown}
 u - a potion of resistance {unknown}
 w - a potion of heal wounds {unknown}


   Skills:
 + Level 0.3 Fighting
 + Level 1.1 Maces & Flails
 + Level 1.2 Throwing
 + Level 2.2 Dodging
 + Level 3.5 Stealth
 - Level 2.2 Spellcasting
 * Level 2.3 Conjurations
 + Level 3.4 Transmutations
 + Level 5.4 Poison Magic


You had one spell level left.
You knew the following spells:

 Your Spells              Type           Power      Damage    Failure   Level
a - Sting                 Tmut/Pois      64%        1d6       3%          1
b - Mephitic Cloud        Conj/Pois/Air  10%        N/A       21%         3
c - Olgreb's Toxic Radia  Pois           20%        N/A       21%         4

Your spell library contained the following spells:

 Spells                   Type           Power      Damage    Failure   Level
 Poisonous Vapours        Pois/Air       22%        N/A       10%         2
 Ensorcelled Hibernation  Hex/Ice        2%         N/A       28%         2
 Jinxbite                 Hex            2%         N/A       28%         2
 Anguish                  Hex/Necr       0%         N/A       88%         4


Dungeon Overview and Level Annotations

Branches:
Dungeon (3/15)

Altars:
Wu Jian

Annotations:
D:2 Terence
D:3 Natasha


Innate Abilities, Weirdness & Mutations

You cannot wear most types of armour.
You are amphibious.
You can wear up to eight rings at the same time.
Your skin changes colour to match your surroundings (Stealth+).
Your rubbery body absorbs attacks. (AC +1, EV +1)
((You are camouflaged when in or above water. (Stealth+)))
You have tentacles for arms and can constrict up to eight enemies at once.


Message History

The cerulean imp disappears in a puff of smoke!
The goblin is engulfed in noxious fumes.
The goblin appears confused.
Your cerulean imp hits the goblin with a +1 spear.
The goblin dies!
Your cerulean imp hits Natasha with a +1 spear.
Natasha mumbles some strange words.
Your cerulean imp completely misses Natasha.
Natasha casts a spell.
Your cerulean imp hits Natasha with a +1 spear.
Natasha claws your cerulean imp but does no damage.
Your cerulean imp closely misses Natasha.
Natasha mumbles some strange words.
Natasha glows brightly for a moment.
Natasha casts a spell at you. The magic dart hits your cerulean imp!
Your cerulean imp dies!
Your cerulean imp disappears in a puff of smoke!
Natasha casts a spell at you. The magic dart hits you.
The cerulean imp hits you from afar with a +4 spear!
You closely miss Natasha. Your grab misses Natasha.
Natasha is severely wounded.
Natasha casts a spell at you. The magic dart hits you!
The cerulean imp hits you from afar with a +4 spear!
* * * LOW HITPOINT WARNING * * *
Unknown command.
Magic courses through your body. Natasha barely misses you.
The cerulean imp hits you from afar with a +4 spear.
* * * LOW HITPOINT WARNING * * *
Casting: Mephitic Cloud (quite dangerous; 21% risk of failure)
Confirm with . or Enter, or press ? or * to list all spells.
Aiming: Mephitic Cloud (quite dangerous; 21% risk of failure)
Press: ? - help, Shift-Dir - straight line, f - Natasha
Aim: Natasha (severely wounded, chance to affect: 86%)
You miscast Mephitic Cloud.
You are very lightly contaminated with residual magic.
Electricity courses through your body!
You die...

#.....##..##.##...##.#.######..
#.....#.g###...............#...
#.......g........###.#.###...##
#.....(..#####...# #........#..
#.......g..###...###.##........
#........#g.5.5............#...
#....>...##..g5#...#.......#...
######...g..##h###)..#.....#...
#########@# ##.##.#####... ##.#
#)##.##...... #####..#
#.##.#..###.. #.....##
#.##...## ### ###.#####
#.[..### #. ###...#
#####..#..#### #.
######...#######............#
#.
#................#.##...)...#
#.
##.........########.###.<....#
#.


You could see Natasha, 3 cerulean imps and a goblin.

Vanquished Creatures
  A jelly (D:3)
  An orc priest (D:3)
  Jessica (D:2)
  Ijyb (D:3)
  Natasha (twice) (D:3)
  An orc wizard (D:3)
  Robin (D:3)
  4 adders
  A worm (D:2)
  2 dart slugs (D:3)
  7 orcs
  3 endoplasms
  2 giant cockroaches (D:2)
  18 goblins
  10 hobgoblins
  5 jackals
  2 kobolds
  4 quokkas
  6 ball pythons
  3 bats (D:3)
  5 frilled lizards
  7 rats
87 creatures vanquished.

Vanquished Creatures (collateral kills)
  A goblin (D:3)
1 creature vanquished.

Grand Total: 88 creatures vanquished

Notes
Turn   | Place    | Note
-------+----------+-------------------------------------------
     0 | D:1      | Chimkentus the Octopode Venom Mage began the quest for the
                  | Orb.
     0 | D:1      | Reached XP level 1. HP: 11/11 MP: 3/3
   330 | D:1      | Reached XP level 2. HP: 17/17 MP: 3/5
   401 | D:1      | You fall into a shaft and drop 1 floor!
   412 | D:2      | Reached skill level 4 in Poison Magic
   534 | D:2      | Found an ornate altar of the Wu Jian Council.
   620 | D:2      | Reached XP level 3. HP: 21/21 MP: 4/6
   667 | D:2      | Noticed Jessica
   715 | D:2      | Learned a level 3 spell: Mephitic Cloud
  1574 | D:2      | Noticed Terence
  1586 | D:2      | Reached XP level 4. HP: 27/27 MP: 5/7
  1995 | D:2      | Killed Jessica
  2222 | D:3      | Noticed Ijyb
  2249 | D:3      | Killed Ijyb
  2250 | D:3      | Reached skill level 5 in Poison Magic
  2250 | D:3      | Reached XP level 5. HP: 18/31 MP: 5/8
  2272 | D:3      | Noticed Robin
  2360 | D:3      | Reached skill level 1 in Throwing
  2360 | D:3      | Reached skill level 1 in Conjurations
  2365 | D:3      | Learned a level 4 spell: Olgreb's Toxic Radiance
  2843 | D:3      | Reached XP level 6. HP: 34/36 MP: 5/9
  2933 | D:3      | Reached skill level 1 in Maces & Flails
  3176 | D:3      | Noticed Natasha
  3187 | D:3      | Killed Natasha
  3389 | D:3      | Noticed Natasha
  3397 | D:3      | Killed Natasha
  3495 | D:3      | Noticed Natasha
  3506 | D:3      | Killed Robin
  3527 | D:3      | Killed by miscasting Mephitic Cloud

Illustrated notes

Levels and vault maps discovered:
D:1:      saegor_arrival_simple_b, layout_loops_ring
D:2:      layout_rooms, basic_altar, uniq_jessica, uniq_terence
D:3:      layout_rooms, minmay_misc_feat_encased, minmay_pentangle,
          uniq_natasha, uniq_ijyb, uniq_robin

Skill      XL: |  1  2  3  4  5  6 |
---------------+-------------------+-----
Poison Magic   | 4 5 |  5.4
Transmutations | 2 3 |  3.4
Stealth        | 3 |  3.5
Throwing       | 1 |  1.2
Conjurations   | 1 2 |  2.3
Maces & Flails | 1 |  1.1
Fighting       | |  0.3
Dodging        | |  2.2
Spellcasting   | |  2.2

Action                     |  1- 3 |  4- 6 || total
---------------------------+-------+-------++-------
  Melee: Club              |    15 |     3 ||    18
         Tentacles         |     3 |     9 ||    12
         Constrict         |     4 |    11 ||    15
         Mace              |       |    41 ||    41
         Punch             |       |     1 ||     1
  Throw: Dart              |    17 |    14 ||    31
   Cast: Sting             |    58 |    58 ||   116
         Mephitic Cloud    |       |     6 ||     6
  Evoke: Wand              |       |     3 ||     3
    Use: Scroll            |     2 |     1 ||     3
         Potion            |     1 |     4 ||     5
   Stab: Confused          |       |     3 ||     3
         Sleeping          |       |     1 ||     1
         Distracted        |       |     1 ||     1
 Armour: Skin              |     8 |    35 ||    43
  Dodge: Dodged            |    13 |    50 ||    63

Table legend: (Time is in decaauts)
 A = Elapsed time spent in this place.
 B = Non-inter-level travel time spent in this place.
 C = Inter-level travel time spent in this place.
 D = Time resting spent in this place.
 E = Time spent auto-exploring this place.
 F = Levels seen in this place.
 G = Mean time per level.
                   A        B        C        D        E       F      G
               +--------+--------+--------+--------+--------+-----+--------+
         Total |   3546 |   3366 |    180 |    133 |   2304 |   3 | 1182.0 |
       Dungeon |   3546 |   3366 |    180 |    133 |   2304 |   3 | 1182.0 |
               +--------+--------+--------+--------+--------+-----+--------+

Top non-repeatable levels by time:
     D:3: 1420 daAuts
     D:2: 1111 daAuts
     D:1: 1014 daAuts
